 Dungeon Sprint DCSS version 0.21-a0-518-g43a1781 (webtiles) character file.

128 Canard the Shield-Bearer (level 5, -3/48 HPs)
             Began as a Gnoll Fighter on Dec 4, 2017.
             Was an Initiate of Wu Jian.
             Slain by a steam dragon (7 damage)
             ... in the Dungeon (Sprint V: "Ziggurat Sprint").
             The game lasted 00:01:51 (92 turns).

Canard the Shield-Bearer (Gnoll Fighter)              Turns: 92, Time: 00:01:52

Health: -3/48      AC: 28    Str: 19    XL:     5   Next: 11%
Magic:  1/9        EV:  2    Int: 10    God:    Wu Jian [......]
Gold:   0          SH: 30    Dex: 27    Spells: 10/10 levels left

rFire    . . .     SeeInvis .   l - +5 demon trident
rCold    . . .     Gourm    .   J - +18 shield of the Gong {rElec rN+ MR+ EV-5}
rNeg     + . .     Faith    .   I - +15 Maxwell's patent armour {-Cast -Tele rElec MR+ rCorr}
rPois    .         Spirit   .   (no helmet)
rElec    +         Reflect  .   (no cloak)
rCorr    +         Harm     .   (no gloves)
MR       ++...     NoTele   +   (no boots) Stlth ..........NoCast +
                                (no amulet)
HPRegen  0.16/turn              B - +6 ring of dexterity
MPRegen  0.11/turn              C - +6 ring of dexterity

@: no status effects
A: distributed training, fangs 1, strong nose
a: Renounce Religion


You were in the Dungeon.
You worshipped Wu Jian.
Wu Jian was noncommittal.
You were not hungry.

You visited 1 branch

Inventory:

Hand Weapons
 l - a +5 demon trident (weapon)
   (You found it in the Dungeon)
 K - the +8 lance "Wyrmbane" {slay drac, rPois rF+ rC+ AC+3}
   (You found it in the Dungeon)

   It affects your AC (+3).
   It protects you from fire.
   It protects you from cold.
   It protects you from poison.
Armour
 b - a +0 scale mail
 c - a +0 shield
 I - the +15 Maxwell's patent armour (worn) {-Cast -Tele rElec MR+ rCorr}
   (You found it in the Dungeon)

   It insulates you from electricity.
   It affects your resistance to hostile enchantments.
   It prevents spellcasting.
   It prevents most forms of teleportation.
   It protects you from acid and corrosion.
 J - the +18 shield of the Gong (worn) {rElec rN+ MR+ EV-5}
   (You found it in the Dungeon)

   It affects your evasion (-5).
   It insulates you from electricity.
   It protects you from negative energy.
   It affects your resistance to hostile enchantments.
Jewellery
 B - a +6 ring of dexterity (left hand)
   (You found it in the Dungeon)
 C - a +6 ring of dexterity (right hand)
   (You found it in the Dungeon)
 D - a +6 ring of intelligence
   (You found it in the Dungeon)
 E - a +6 ring of intelligence
   (You found it in the Dungeon)
 F - a +6 ring of strength
   (You found it in the Dungeon)
 G - a +6 ring of strength
   (You found it in the Dungeon)
Wands
 y - a wand of disintegration (7)
   (You found it in the Dungeon)
 z - a wand of iceblast (7)
   (You found it in the Dungeon)
 A - a wand of acid (7)
   (You found it in the Dungeon)
Scrolls
 k - 4 scrolls of blinking
 q - 4 scrolls of amnesia
 r - 7 scrolls of fog
 s - a scroll of holy word
 t - 5 scrolls of identify
 u - 5 scrolls of remove curse
 v - 2 scrolls of fear
Potions
 a - 2 potions of brilliance
 d - 6 potions of might
 e - 10 potions of curing
 g - 10 potions of heal wounds
 h - 6 potions of haste
 i - 7 potions of magic
 j - 3 potions of berserk rage
 m - 2 potions of invisibility
 n - 4 potions of resistance
 o - a potion of experience
 p - 5 potions of agility
Miscellaneous
 H - a lightning rod (4/4)
   (You found it in the Dungeon)
Comestibles
 f - 5 bread rations
 w - 42 fruits
 x - 4 meat rations


   Skills:
 + Level 7.3 Fighting
 + Level 3.1 Short Blades
 + Level 3.1 Long Blades
 + Level 3.1 Axes
 + Level 3.1 Maces & Flails
 + Level 5.6 Polearms
 + Level 3.1 Staves
 + Level 3.1 Slings
 + Level 3.1 Bows
 + Level 3.1 Crossbows
 + Level 3.1 Throwing
 + Level 7.3 Armour
 + Level 3.1 Dodging
 + Level 3.1 Stealth
 + Level 7.3 Shields
 + Level 3.1 Unarmed Combat
 + Level 3.1 Spellcasting
 + Level 2.5 Conjurations
 + Level 2.5 Hexes
 + Level 2.5 Charms
 + Level 2.5 Summonings
 + Level 2.5 Necromancy
 + Level 2.5 Translocations
 + Level 2.5 Transmutations
 + Level 2.5 Fire Magic
 + Level 2.5 Ice Magic
 + Level 2.5 Air Magic
 + Level 2.5 Earth Magic
 + Level 2.5 Poison Magic
 + Level 3.5 Invocations
 + Level 3.1 Evocations


You had 10 spell levels left.
You didn't know any spells.

Dungeon Overview and Level Annotations

Branches:
Dungeon (1/1)

Altars:
Ashenzari
Cheibriados
Dithmenos
Elyvilon
Fedhas
Gozag
Hepliaklqana
Kikubaaqudgha
Makhleb
Nemelex Xobeh
Okawaru
Qazlal
Ru
Sif Muna
Trog
Uskayaw
Vehumet
Wu Jian
Xom
Yredelemnul
Zin
The Shining One
Beogh
Jiyva
Lugonu

Annotations:
D 1 transporter


Innate Abilities, Weirdness & Mutations

Your experience applies equally to all skills.
You have very sharp teeth.
Your uncanny sense of smell can sniff out nearby items.


Message History

Unknown command.
You hit the steam dragon.
You bite the steam dragon, but do no damage.
The steam dragon is heavily wounded.
The steam dragon breathes steam at you. The ball of steam hits you!
Unknown command.
You hit the steam dragon but do no damage.
The steam dragon is heavily wounded.
You are engulfed in a cloud of scalding steam.
You block the steam dragon's attack.
BONNNG!
You block the steam dragon's attack.
BONNNG!
You hit the steam dragon.
The steam dragon is severely wounded.
You are engulfed in a cloud of scalding steam.
* * * LOW HITPOINT WARNING * * *
The steam dragon bites you!
You die...

▓▓▓▓▓▓▓
▓.8©8.▓
∆∆∆
▓.....▓
▓.}.|.▓
▓..D@§▓
▓..[..▓
▓..©..▓
▓▓▓▓▓▓▓
∆∆∆ ∆ ∆


You could see a steam dragon.

Vanquished Creatures
  A steam dragon (D)
1 creature vanquished.

Notes
Turn   | Place    | Note
-------+----------+-------------------------------------------
     0 | D        | Found the +6 Majin-Bo {vamp, Archmagi MP+6 Int+6}
     0 | D        | Found the +7 great mace "Firestarter" {inner flame, rF++}
     0 | D        | Canard the Gnoll Fighter began the quest for the Orb.
     0 | D        | Reached XP level 1. HP: 23/23 MP: 1/1
     2 | D        | Found a blossoming altar of Fedhas.
     3 | D        | Found a viscous altar of Jiyva.
     3 | D        | Found a hazy altar of Hepliaklqana.
     3 | D        | Found a transporter.
     3 | D        | Found an opulent altar of Gozag.
     3 | D        | Found an ancient bone altar of Kikubaaqudgha.
     3 | D        | Found a corrupted altar of Lugonu.
    10 | D        | Found a burning altar of Makhleb.
    11 | D        | Found a deep blue altar of Sif Muna.
    11 | D        | Found a sacrificial altar of Ru.
    11 | D        | Found a bloodstained altar of Trog.
    11 | D        | Found a stormy altar of Qazlal.
    11 | D        | Found an iron altar of Okawaru.
    11 | D        | Found a sparkling altar of Nemelex Xobeh.
    31 | D        | Found the +9 heavy crossbow "Sniper" {velocity, Acc+∞ SInv}
    31 | D        | Found the +10 dark maul {crush}
    31 | D        | Found the +15 Maxwell's patent armour {-Cast -Tele rElec MR+ rCorr}
    31 | D        | Found the +18 shield of the Gong {rElec rN+ MR+ EV-5}
    31 | D        | Found the cursed +14 obsidian axe {chop, +Fly SInv *Curse}
    33 | D        | Found the +6 shillelagh "Devastator" {shatter}
    33 | D        | Found the +11 plutonium sword {*Contam Stlth-}
    33 | D        | Found the +8 lance "Wyrmbane" {slay drac, rPois rF+ rC+ AC+3}
    33 | D        | Found the +9 sword of Zonguldrok {reap}
    33 | D        | Found the cursed +13 scythe of Curses {drain, *Curse}
    33 | D        | Found the +0 sword of Power
    33 | D        | Found the -4 mace of Variability {chaos}
    33 | D        | Found the +7 Singing Sword
    33 | D        | Found the +7 longbow "Piercer" {penet, EV-2}
    64 | D        | Became a worshipper of the Wu Jian Council
    77 | D        | Entered arena 2.
    77 | D        | Noticed a steam dragon
    77 | D        | Noticed a steam dragon
    77 | D        | Found a transporter.
    86 | D        | Killed a steam dragon
    86 | D        | Reached skill level 5 in Polearms
    86 | D        | Reached XP level 2. HP: 6/31 MP: 1/6
    86 | D        | Reached XP level 3. HP: 7/36 MP: 1/7
    86 | D        | Reached XP level 4. HP: 9/43 MP: 1/8
    86 | D        | Reached XP level 5. HP: 10/48 MP: 1/9
    92 | D        | Slain by a steam dragon

Vault maps used:
D:        sprint_v

Skill      XL: |  1 |
---------------+----+-----
Fighting       | 7 |  7.3
Short Blades   | 3 |  3.1
Long Blades    | 3 |  3.1
Axes           | 3 |  3.1
Maces & Flails | 3 |  3.1
Polearms       | 5 |  5.6
Staves         | 3 |  3.1
Slings         | 3 |  3.1
Bows           | 3 |  3.1
Crossbows      | 3 |  3.1
Throwing       | 3 |  3.1
Armour         | 7 |  7.3
Dodging        | 3 |  3.1
Stealth        | 3 |  3.1
Shields        | 7 |  7.3
Unarmed Combat | 3 |  3.1
Spellcasting   | 3 |  3.1
Conjurations   | 2 |  2.5
Hexes          | 2 |  2.5
Charms         | 2 |  2.5
Summonings     | 2 |  2.5
Necromancy     | 2 |  2.5
Translocations | 2 |  2.5
Transmutations | 2 |  2.5
Fire Magic     | 2 |  2.5
Ice Magic      | 2 |  2.5
Air Magic      | 2 |  2.5
Earth Magic    | 2 |  2.5
Poison Magic   | 2 |  2.5
Invocations    | 3 |  3.5
Evocations     | 3 |  3.1

Action                   |  1- 3 |  4- 6 || total
-------------------------+-------+-------++-------
Melee: Demon trident     |     7 |     6 ||    13
       Bite              |     1 |     2 ||     3
Armor: Plate armour      |    12 |     4 ||    16
Block: Shield            |    17 |     9 ||    26

Table legend:
 A = Spawn XP
 B = Non-spawn XP
 C = Spawn XP percentage of total XP
 D = Spawn monster count
 E = Non-spawn monster count
 F = Spawn count percentage of total count
 G = Total turns spent on level
                    A         B        C        D         E        F      G
               +---------+---------+-------+---------+---------+-------+---------
         Total |       0 |     183 |   0.0 |       0 |       1 |   0.0 |    92
               +---------+---------+-------+---------+---------+-------+---------
             D |       0 |     183 |   0.0 |       0 |       1 |   0.0 |    92
               +---------+---------+-------+---------+---------+-------+---------
